 Dungeon Crawl Stone Soup version 0.17.1-1-g73c8601 (webtiles) character file.

140 shmeve the Shield-Bearer (level 5, 0/42 HPs)
             Began as a Formicid Fighter on Apr 23, 2016.
             Slain by shmeve's ghost (1 damage)
             ... on level 3 of the Dungeon.
             The game lasted 00:03:00 (2034 turns).

shmeve the Shield-Bearer (Formicid Fighter)         Turns: 2034, Time: 00:03:01

Health: 0/42       AC:  8    Str: 27    XL:     5   Next: 46%
Magic:  5/5        EV:  9    Int:  7    God:
Gold:   135        SH: 10    Dex: 10    Spells: 0 memorised, 4 levels left

rFire  . . .     SeeInvis +     a - +0 war axe
rCold  . . .     Clarity  .     b - +0 scale mail
rNeg   . . .     SustAt   .     c - +0 shield
rPois  .         Gourm    .     (helmet unavailable)
rElec  .         Spirit   .     p - +0 cloak
rCorr  .         Warding  .     (no gloves)
rMut   .         Stasis   +     (no boots)
MR     .....                    (no amulet)
Stlth  ..........               (no ring)
                                (no ring)

@: mighty, lethally poisoned (0 -> -6), not resistant to hostile enchantments,
extremely unstealthy
A: permanent stasis, dig shafts and tunnels, four strong arms, antennae 3
a: Dig, Shaft Self


You were on level 3 of the Dungeon.
You were not hungry.

You visited 1 branch of the dungeon, and saw 3 of its levels.

You collected 135 gold pieces.

Inventory:

Hand Weapons
 a - a +0 war axe (weapon)
Armour
 b - a +0 scale mail (worn)
 c - a +0 shield (worn)
 p - a +0 cloak (worn)
Scrolls
 f - a scroll of noise {unknown}
 g - a scroll of enchant armour {unknown}
 i - 2 scrolls of random uselessness {unknown}
 j - a scroll of fear {unknown}
Potions
 h - 4 potions of haste {unknown}
 l - a potion of heal wounds {unknown}
 m - a potion of flight {unknown}
Comestibles
 e - 2 bread rations
 k - a meat ration
 n - a chunk of flesh
 o - a beef jerky
 q - a royal jelly


   Skills:
 * Level 4.2 Fighting
 * Level 3.2 Axes
 + Level 3.7 Armour
 + Level 1.0 Dodging
 * Level 4.6 Shields


You had 4 spell levels left.
You didn't know any spells.

Dungeon Overview and Level Annotations

Branches:
Dungeon (3/15)

Altars:

Annotations:
D:3 shmeve's ghost, amateur FoFi


Innate Abilities, Weirdness & Mutations

You are under a permanent stasis effect.
You can dig through walls and to a lower floor.
Your four strong arms can wield two-handed weapons with a shield.
You have a pair of large antennae on your head (SInv).


Message History

You kill the hobgoblin!
You feel sick. Shmeve's ghost hits you!
* * * LOW HITPOINT WARNING * * *
Shmeve's ghost hits you.
* * * LOW HITPOINT WARNING * * *
You slash shmeve's ghost!
Shmeve's ghost is severely damaged.
You barely miss the hobgoblin.
* * * LOW HITPOINT WARNING * * *
You feel sick.
The hobgoblin hits you but does no damage.
You block shmeve's ghost's attack.
The hobgoblin hits you but does no damage.
You slash shmeve's ghost!
Shmeve's ghost is almost destroyed.
You hit the hobgoblin.
The hobgoblin is severely wounded.
* * * LOW HITPOINT WARNING * * *
You feel sick. Shmeve's ghost hits you.
You die...

#..# #...#
###..####...# #####
#.(.........#
....#####.#..####...#
#............###..###
#..#.###..#.##..##
#........##....##
##........##..####
.)..##.........)@#
.#########.#.###gW#
.# #...# ##lK.. .#
##..# ##.... ..#
....# ..... #..[
##.#... .... ####
...>.>. ... .####.
...


You could see shmeve's ghost, a giant gecko, a hobgoblin (frenzied) and a
kobold.

Vanquished Creatures
  Crazy Yiuf (D:2)
  Ijyb (D:2)
  Robin (D:3)
  3 adders (D:2)
  A worm (D:2)
  A giant gecko (D:3)
  2 ball pythons (D:1)
  3 bats (D:1)
  4 hobgoblins
  A quokka (D:2)
  A giant cockroach (D:1)
  A giant newt (D:1)
  14 goblins
  5 kobolds
  4 rats
43 creatures vanquished.

Notes
Turn   | Place    | Note
--------------------------------------------------------------
     0 | D:1      | shmeve the Formicid Fighter began the quest for the Orb.
     0 | D:1      | Reached XP level 1. HP: 18/18 MP: 1/1
   100 | D:1      | Reached XP level 2. HP: 4/24 MP: 2/2
  1087 | D:2      | Reached XP level 3. HP: 15/30 MP: 3/3
  1341 | D:2      | Reached skill level 4 in Shields
  1407 | D:2      | Noticed Ijyb
  1419 | D:2      | Killed Ijyb
  1419 | D:2      | Reached XP level 4. HP: 34/37 MP: 4/4
  1786 | D:2      | Noticed Crazy Yiuf
  1795 | D:2      | Killed Crazy Yiuf
  1795 | D:2      | Reached skill level 1 in Dodging
  1795 | D:2      | Reached XP level 5. HP: 22/42 MP: 5/5
  2018 | D:3      | Noticed Robin
  2019 | D:3      | Noticed shmeve's ghost (amateur FoFi)
  2032 | D:3      | Killed Robin
  2033 | D:3      | HP: 2/42 [poisoned by Robin]
  2034 | D:3      | Slain by shmeve's ghost

Action                   |  1- 3 |  4- 6 || total
-------------------------+-------+-------++-------
Melee: War axe           |    76 |    47 ||   123
  Use: Potion            |       |     1 ||     1
  Eat: Chunk             |     1 |     3 ||     4
